 Dungeon Crawl Stone Soup version 0.31.0-9-g3a7656b989 (webtiles) character file.

Game seed: 6654676356347170141

1791277 Kenran the Shapeless Oni (level 27, 282/282 HPs)
             Began as an Oni Shapeshifter on Feb 3, 2024.
             Was a High Priest of Okawaru.
             Escaped with the Orb
             ... and 3 runes!
             The game lasted 02:20:40 (61806 turns).

Kenran the Shapeless Oni (Oni Shapeshifter)        Turns: 61806, Time: 02:20:41

Health: 282/282    AC: 18    Str: 33    XL:     27
Magic:  32/32      EV: 29    Int:  9    God:    Okawaru [*****.]
Gold:   3589       SH: 23    Dex: 20    Spells: 24/26 levels left

rFire   + .          .
                       - Unarmed
rCold   + + +        P - +3 tower shield
rNeg    + + +        B - +7 swamp dragon scales of a volcano {-Cast rPois Will++ Slay+5}
rPois   ∞            I - +0 mask of the Dragon {Will+ Slay+3 SInv}
rElec   .            j - scarf {rC+ rF+}
rCorr   .            (gloves unavailable)
SInv    +            (boots unavailable)
Will    +++++        J - amulet "Qoaco" {rC+ Will+ Regen+}
Stlth   +            n - +5 ring of evasion
HPRegen 1.47/turn    c - ring "Mufyuzat" {rPois rC+ EV+5 Dex+3}
MPRegen 0.23/turn

%: no spellcasting
@: death-form, studying 3 skills
A: vile attack, torment immunity, no potions, large, unfitting armour, horns 1,
tough skin 1, double potion healing, drunken brawling, hooves 1, agile 1, frail
1, screaming 1, strong 1
0: Orb of Zot
}: 3/15 runes: serpentine, barnacled, abyssal
a: Siphon Essence, Begin Untransformation, Renounce Religion, Heroism, Finesse,
Duel


You escaped.
You worshipped Okawaru.
Okawaru was extremely pleased with you.
You were an undying horror.
You visited 11 branches of the dungeon, and saw 50 of its levels.
You visited the Abyss 1 time.
You also visited: Sewer, Ice Cave and Wizlab.

You collected 7117 gold pieces.
You spent 3528 gold pieces at shops.

Inventory:

Missiles
 q - 6 throwing nets (quivered)
Armour
 j - a scarf of resistance (worn)
 B - the +7 swamp dragon scales of a volcano (worn) {-Cast rPois Will++ Slay+5}
   (You acquired it on level 2 of the Lair of Beasts)

   Slay+5:    It affects your accuracy & damage with ranged weapons and melee
   (+5).
   rPois:     It protects you from poison Will++: It greatly increases your
   willpower.
   -Cast:     It prevents spellcasting.
 E - the -1 cloak "Jeitukh" {^Drain rElec Regen+ Dex+6}
   (You acquired it on level 1 of the Snake Pit)

   Dex+6:     It affects your dexterity (+6).
   rElec:     It insulates you from electricity.
   Regen+:    It increases your rate of health regeneration.
   ^Drain:    It drains your maximum health when unequipped.
 I - the +0 mask of the Dragon (worn) {Will+ Slay+3 SInv}
   (Okawaru gifted it to you on level 1 of the Lair of Beasts)

   Slay+3:    It affects your accuracy & damage with ranged weapons and melee
   (+3).
   Will+:     It increases your willpower.
   SInv:      It lets you see invisible.
 P - a +3 tower shield (worn)
Jewellery
 c - the ring "Mufyuzat" (right hand) {rPois rC+ EV+5 Dex+3}
   (You found it on level 1 of the Realm of Zot)

   [ring of evasion]

   EV+5:      It affects your evasion (+5).
   Dex+3:     It affects your dexterity (+3).
   rC+:       It protects you from cold.
   rPois:     It protects you from poison
 d - a ring of resist corrosion
 n - a +5 ring of evasion (left hand)
 p - a +5 ring of evasion
 y - a ring of protection from fire
 J - the amulet "Qoaco" (around neck) {rC+ Will+ Regen+}
   (You found it on level 3 of the Lair of Beasts)

   [amulet of regeneration]

   rC+:       It protects you from cold.
   Will+:     It increases your willpower.
   Regen+:    It increases your rate of health regeneration.
Talismans
 v - a dragon-blood talisman
 N - a talisman of death (active)
 Z - a storm talisman
Wands
 s - a wand of polymorph (25)
 w - a wand of flame (145)
 x - a wand of iceblast (65)
 G - a wand of mindburst (57)
 O - a wand of digging (28)
 X - a wand of light (10)
Scrolls
 a - a scroll of revelation
 f - 9 scrolls of blinking
 l - 16 scrolls of teleportation
 m - 8 scrolls of fog
 r - a scroll of enchant armour
 t - 9 scrolls of fear
 M - 34 scrolls of identify {@r1}
Potions
 b - 4 potions of enlightenment
 e - 6 potions of might
 g - 16 potions of curing {@q1}
 h - 3 potions of resistance
 i - 8 potions of attraction {!q}
 k - 10 potions of magic
 o - 2 potions of heal wounds {@q2}
 u - 6 potions of invisibility
 z - 9 potions of haste
 A - 2 potions of ambrosia
 C - 21 potions of mutation {!q}
 F - 7 potions of brilliance
 K - 9 potions of lignification {!q}
 Q - 7 potions of berserk rage {!q}
 V - 5 potions of cancellation
Miscellaneous
 H - a condenser vane
 S - a phial of floods
 W - a lightning rod (4/4)


   Skills:
 - Level 25.0 Fighting
 - Level 10.0 Armour
 + Level 16.9 Dodging
 - Level 15.0 Shields
 - Level 22.0 Unarmed Combat
 - Level 12.0 Invocations
 - Level 15.0 Evocations
 O Level 27 Shapeshifting


You had 24 spell levels left.
You knew the following spells:

 Your Spells              Type           Power      Damage    Failure   Level
a - Lesser Beckoning      Tloc           0%         N/A       83%         2

Your spell library contained the following spells:

 Spells                   Type           Power      Damage    Failure   Level
 Apportation              Tloc           0%         N/A       71%         1
 Freeze                   Ice            0%         1d3       71%         1
 Kiss of Death            Conj/Necr      0%         2d5       71%         1
 Magic Dart               Conj           0%         1d3       71%         1
 Slow                     Hex            0%         N/A       71%         1
 Sting                    Conj/Alch      0%         1d3       71%         1
 Blink                    Tloc           0%         N/A       83%         2
 Cigotuvi's Dreadful Rot  Necr/Alch/Air  0%         N/A       83%         2
 Ensorcelled Hibernation  Hex/Ice        0%         N/A       83%         2
 Jinxbite                 Hex            0%         N/A       83%         2
 Mercury Vapours          Alch/Air       0%         N/A       83%         2
 Momentum Strike          Conj/Tloc      0%         3d8       83%         2
 Scorch                   Fire           0%         2d5       83%         2
 Searing Ray              Conj           0%         2d4       83%         2
 Sublimation of Blood     Necr           0%         N/A       83%         2
 Confusing Touch          Hex            0%         N/A       97%         3
 Dazzling Flash           Conj/Hex       0%         N/A       97%         3
 Frozen Ramparts          Ice            0%         1d1       97%         3
 Fugue of the Fallen      Necr           0%         N/A       97%         3
 Gell's Gravitas          Tloc           0%         N/A       97%         3
 Hailstorm                Conj/Ice       0%         3d5       97%         3
 Inner Flame              Hex/Fire       0%         N/A       97%         3
 Mephitic Cloud           Conj/Alch/Air  0%         N/A       97%         3
 Sigil of Binding         Hex            0%         N/A       97%         3
 Stone Arrow              Conj/Erth      0%         3d7       97%         3
 Teleport Other           Tloc           0%         N/A       97%         3
 Vampiric Draining        Necr           0%         2d6       97%         3
 Volatile Blastmotes      Fire/Tloc      0%         2d10      97%         3
 Anguish                  Hex/Necr       0%         N/A       100%        4
 Cause Fear               Hex            0%         N/A       100%        4
 Dimensional Bullseye     Hex/Tloc       0%         N/A       100%        4
 Flame Wave               Conj/Fire      0%         2d4       100%        4
 Fulminant Prism          Conj/Alch      0%         3d5       100%        4
 Ignite Poison            Fire/Alch      0%         N/A       100%        4
 Leda's Liquefaction      Alch/Erth      0%         N/A       100%        4
 Olgreb's Toxic Radiance  Alch           0%         N/A       100%        4
 Passage of Golubria      Tloc           0%         N/A       100%        4
 Sticky Flame             Fire/Alch      0%         2d4       100%        4
 Vhi's Electric Charge    Tloc/Air       0%         N/A       100%        4
 Alistair's Intoxication  Alch           0%         N/A       100%        5
 Arcjolt                  Conj/Air       0%         1d10      100%        5
 Borgnjor's Vile Clutch   Necr/Erth      0%         N/A       100%        5
 Freezing Cloud           Conj/Ice/Air   0%         6-21      100%        5
 Irradiate                Conj/Alch      0%         3d11      100%        5
 Lee's Rapid Deconstruct  Erth           0%         3d4*      100%        5
 Yara's Violent Unravell  Hex/Alch       0%         3d3       100%        5
 Bombard                  Conj/Erth      0%         9d1       100%        6
 Conjure Ball Lightning   Conj/Air       0%         3x3d6     100%        6
 Dispersal                Tloc           0%         N/A       100%        6
 Plasma Beam              Fire/Air       0%         2x1d10    100%        6
 Starburst                Conj/Fire      0%         6d3       100%        6
 Enfeeble                 Hex            0%         N/A       100%        7
 Orb of Destruction       Conj           0%         9d5       100%        7
 Ozocubu's Refrigeration  Ice            0%         4d7       100%        7
 Borgnjor's Revivificati  Necr           0%         N/A       100%        8
 Discord                  Hex            0%         N/A       100%        8
 Disjunction              Tloc           0%         N/A       100%        8
 Ignition                 Fire           0%         3d3       100%        8
 Lehudib's Crystal Spear  Conj/Erth      0%         10d2      100%        8
 Maxwell's Capacitive Co  Air            0%         ∞         100%        8
 Death's Door             Necr           0%         N/A       100%        9
 Polar Vortex             Ice            0%         N/A       100%        9
 Call Imp                 Summ           Unusable   N/A       N/A         2
 Call Canine Familiar     Summ           Unusable   N/A       N/A         3
 Tukima's Dance           Hex            Unusable   N/A       N/A         3
 Animate Armour           Summ/Erth      Unusable   N/A       N/A         4
 Animate Dead             Necr           Unusable   N/A       N/A         4
 Summon Blazeheart Golem  Fire/Summ      Unusable   N/A       N/A         4
 Sculpt Simulacrum        Ice/Alch       Unusable   N/A       N/A         6
 Summon Cactus Giant      Summ           Unusable   N/A       N/A         6
 Spellforged Servitor     Conj/Summ      Unusable   N/A       N/A         7
 Summon Hydra             Summ           Unusable   N/A       N/A         7

Dungeon Overview and Level Annotations

Branches:
Dungeon (15/15)            Temple (1/1) D:4            Lair (5/5) D:11
 Shoals (4/4) Lair:3        Snake (4/4) Lair:3        Slime (0/5) Lair:4
    Orc (2/2) D:9             Elf (3/3) Orc:2        Vaults (4/5) D:13
  Crypt (3/3) Vaults:3       Tomb (0/3) Crypt:3      Depths (4/4) D:15
    Zot (5/5) Depths:4      Sewer (visited)           IceCv (visited)
 WizLab (visited)

Altars:
Ashenzari
Cheibriados
Dithmenos
Elyvilon
Fedhas
Gozag
Hepliaklqana
Kikubaaqudgha
Makhleb
Nemelex Xobeh
Okawaru
Qazlal
Ru
Sif Muna
Trog
Uskayaw
Vehumet
Wu Jian
Xom
Yredelemnul
Zin
The Shining One
Lugonu

Shops:
D:1 [   D:2 *   D:4 *=   Orc:1 *   Orc:2 (=*[   Snake:2 (   Snake:3 ?*=!
Vaults:1 =   Vaults:2 (   Depths:2 :

Portals:
Hell: Depths:1 Depths:2 Depths:3 Depths:4
Abyss: Lair:5 Depths:3
Pandemonium: Depths:2 Depths:4
Ziggurat: Depths:4
Trove: Vaults:3 (give 4 scrolls of blinking)

Annotations:
Lair:3 3 runed translucent doors, Ceyvaan's ghost, journeyman DEFE; Foabaekk's ghost, journeyman GrMo; Kenran's ghost, journeyman OnSh; Yjeari's ghost, journeyman GrMo
Lair:4 1 runed translucent door
Snake:2 2 transporters, Smee's ghost, adept MiFi
Orc:2 2 transporters, Amplified's ghost, journeyman MfFi
Vaults:1 Boris
Depths:2 exclusion: downstairs
Zot:2 exclusions: 3 lightning spires, 4 oklob plants and orange crystal statue
Zot:3 exclusion: 2 upstairs
Zot:4 4 transporters


Innate Abilities, Weirdness & Mutations

You are an undying horror.
Your melee and unarmed attacks drain, slow and weaken victims.
You are immune to unholy pain and torment.
You cannot drink.
You are immune to poison.
You are too large for most types of armour.
You have a pair of small horns on your head.
You have tough skin. (AC +1)
You gain doubled healing and magic from potions.
Whenever you drink a healing potion, you attack all around you.
You have large cloven feet.
You are agile. (Dex +4, Str/Int -1)
You are frail. (-10% HP)
You occasionally shout uncontrollably at your foes.
Your muscles are strong. (Str +4, Int/Dex -1)


Message History

A glowing orange brain comes into view.
You punch the ancient lich!
The ancient lich decays.
You kick the ancient lich! Your headbutt misses the ancient lich.
The ancient lich is almost destroyed.
The ancient lich completely misses you.
You pummel the ancient lich!!
You destroy the ancient lich!
Okawaru accepts your kill.
You block the small abomination's attack.
The small abomination closely misses you.
There is a stone staircase leading up here.
You squash the small abomination like an ant!!!
You destroy the small abomination!
Okawaru accepts your kill.
The glowing orange brain pulsates.
You climb upwards.
There is a stone staircase leading down here.
A Brimstone Fiend comes into view.
You pummel the Brimstone Fiend!!
The Brimstone Fiend decays.
Your kick misses the Brimstone Fiend.
You headbutt the Brimstone Fiend, but do no damage.
The Brimstone Fiend is moderately wounded.
You pummel the Brimstone Fiend like a punching bag!!!!
You kill the Brimstone Fiend!
Okawaru accepts your kill.
No target in view!
There is a stone staircase leading up here.
You climb upwards.
There is a stone staircase leading down here.
There is an open door here.
There is a stone staircase leading up here.
You climb upwards.
There is a stone staircase leading down here.
There is a stone staircase leading up, spattered with blood here.
There is a stone staircase leading up here.
You climb upwards.
There is a stone staircase leading down here.
There is an open door here.
There is a staircase leading out of the dungeon here.
You have escaped!

........# ##.....#######
........# ##........... ........#
##...######## ........# #..>.#
........# #....# §.######## ▓▓▓
#...## ..##.....## ▓.▓ #...#
..##......###▓▓▓.▓▓▓#...#
..##.........'..z..'..###
####.....▓▓▓▓▓▓▓.▓▓▓▓▓▓▓ #
#.....▓.............▓ #
#.....▓▓▓▓.▓▓▓▓▓.▓▓▓▓
####.......▓▓.▓▓▓▓▓.▓▓
.).........▓.........▓
####.....#▓▓▓▓▓▓.▓▓▓▓▓▓##
#.#.....).'...........'.#########
#........#▓▓▓▓▓▓.▓▓▓▓▓▓..........


There were no monsters in sight!

Vanquished Creatures
  4 pandemonium lords
  Frederick (Vaults:4)
  4 ancient liches
  2 dread liches
  11 orbs of fire
  3 juggernauts
  Mennas (Vaults:4)
  Vv (Zot:2)
  8 Killer Klowns
  Saint Roka (Snake:4)
  2 curse toes (Zot:4)
  12 golden dragons
  Nikola (Shoals:2)
  2 caustic shrikes
  A mutant beast (WizLab)
  A profane servitor (Abyss:3)
  Norris (Vaults:3)
  A bone dragon (Zot:3)
  A shard shrike zombie (Crypt:3)
  6 electric golems
  A Brimstone Fiend (D:4)
  The ghost of dvd2 the Severer, an adept HOGl of Uskayaw (Elf:3)
  Jorgrun (Orc:1)
  22 tentacled monstrosities
  13 liches
  28 Orb Guardians
  2 walking earthen tomes
  A walking divine tome (Depths:2)
  6 quicksilver dragons
  Polyphemus (Shoals:3)
  A titan (Depths:4)
  3 deep elf blademasters
  2 sphinxes
  A kraken (Shoals:1)
  2 deep elf master archers (Elf:3)
  2 ancient champions (Crypt:2)
  4 tentacled starspawn
  8 death cobs
  Donald (Snake:4)
  7 tengu reavers
  25 storm dragons
  2 revenants (Crypt:2)
  6 shadow dragons
  6 draconian knights
  Ilsuiw (Shoals:2)
  4 iron dragons
  15 nagarajas (Snake:4)
  11 draconian scorchers
  8 draconian monks
  3 deep elf sorcerers (Elf:3)
  A protean progenitor (Zot:1)
  11 frost giants
  11 fire giants
  8 vault wardens
  5 deep elf elementalists
  4 ghost moths
  Louise (D:15)
  4 draconian shifters
  3 balrugs
  20 ironbound preservers
  3 curse skulls
  A draconian stormcaller (Depths:4)
  3 orc warlords
  An angel (Shoals:4)
  A juggernaut zombie (Crypt:1)
  10 ghouls
  14 very ugly things
  3 draconian annihilators
  5 reapers
  A demonspawn corrupter (Depths:3)
  A juggernaut skeleton (Crypt:2)
  7 vampire knights
  8 deep elf demonologists
  3 demonspawn black suns (Zot:1)
  9 stone giants
  6 ironbound thunderhulks
  2 caustic shrike skeletons (Crypt:3)
  10 black draconians
  4 war gargoyles
  4 dire elephants
  4 deep elf annihilators
  15 green draconians
  8 deep elf death magi
  10 white draconians
  12 red draconians
  9 yellow draconians
  8 purple draconians
  8 spark wasps (Depths:3)
  14 eidola
  A green death (Depths:4)
  2 crystal guardians (Vaults:2)
  5 ettins
  6 merfolk javelineers
  9 jiangshi
  7 fire dragons
  3 deep elf high priests
  An ettin (shapeshifter) (WizLab)
  A quicksilver dragon zombie (Crypt:3)
  3 entropy weavers (Vaults:2)
  10 merfolk impalers
  A mummy priest (Crypt:3)
  14 yaktaur captains
  Fannar (Lair:1)
  3 spriggan zombies
  8 vault guards
  5 rakshasas
  5 hydras
  3 great orbs of eyes
  A fenstrider witch zombie (Crypt:2)
  Josephine (D:15)
  2 quicksilver dragon skeletons
  A catoblepas (Shoals:3)
  5 peacekeepers
  4 spriggan air magi
  3 salamander tyrants
  7 ice dragons
  7 anacondas
  3 ogre magi
  13 ironbound frosthearts
  2 alligator snapping turtles
  6 boulder beetles
  6 centaur warriors
  5 radroaches (WizLab)
  A fenstrider witch skeleton (Crypt:1)
  7 merfolk aquamancers
  3 death knights
  A merfolk avatar (Shoals:4)
  23 dancing weapons
  5 two-headed ogres
  4 tengu warriors
  4 deep troll shamans
  2 titan zombies (Crypt:3)
  11 death yaks
  A two-headed ogre (shapeshifter) (Depths:1)
  15 naga warriors
  2 satyrs
  Urug (Lair:1)
  A shock serpent (shapeshifter) (WizLab)
  A holy swine (Shoals:4)
  2 vampire magi
  An Orb Guardian skeleton (Crypt:2)
  7 deep troll earth magi
  9 naga sharpshooters
  An emperor scorpion zombie (Crypt:2)
  5 orc high priests
  5 thrashing horrors
  9 shock serpents
  5 spriggan berserkers
  Nergalle (Orc:1)
  14 deep elf knights
  A salamander mystic (Snake:4)
  9 sun demons
  12 hell knights
  A titan skeleton (Crypt:1)
  11 skysharks
  A shadow wraith (Vaults:3)
  3 sixfirhies
  3 soul eaters (Crypt:3)
  2 storm dragon zombies
  4 wretched stars
  10 iron trolls
  2 cherubim (Shoals:4)
  8 arcanists
  9 sea snakes
  9 skeletal warriors
  2 goliath frogs (Zot:1)
  4 flayed ghosts
  3 glowing orange brains
  A sea snake (shapeshifter) (WizLab)
  9 deep elf archers
  A shadow demon (Depths:3)
  A mana viper (shapeshifter) (WizLab)
  15 mana vipers
  71 deep trolls
  10 naga ritualists
  10 ironbound convokers
  20 phantasmal warriors
  8 harpies
  5 lindwurms
  Pikel (D:7)
  2 sun moths (shapeshifter) (WizLab)
  15 deep elf zephyrmancers
  10 large abominations
  A harpy (shapeshifter) (Elf:1)
  An anaconda skeleton (Crypt:3)
  A bog body (Crypt:2)
  17 necromancers
  2 glowing shapeshifters (WizLab)
  3 starcursed masses (Abyss:1)
  A steelbarb worm (shapeshifter) (Depths:2)
  20 deep elf pyromancers
  An alligator skeleton (Crypt:1)
  A sphinx simulacrum (Vaults:3)
  A shining eye (shapeshifter) (WizLab)
  A shadow dragon skeleton (Crypt:1)
  12 orc knights
  4 orc sorcerers
  2 human zombies (Vaults:3)
  11 salamanders
  9 cyclopes
  52 ugly things
  3 stone giant zombies (Crypt:3)
  12 manticores
  11 fauns
  3 salamanders (shapeshifter)
  A meliai (shapeshifter) (D:15)
  6 merfolk sirens
  A fire giant skeleton (Crypt:2)
  A centaur zombie (Crypt:3)
  11 elephants
  51 black mambas
  12 naga magi
  15 moths of wrath
  An ice statue (IceCv)
  5 water nymphs
  3 guardian serpents (Snake:4)
  A stone giant skeleton (Crypt:2)
  14 vault sentinels
  A toenail golem (Zot:5)
  A rust devil (Zot:5)
  A kobold blastminer (Orc:2)
  4 dire elephant zombies
  Maggie (D:8)
  2 torpor snails (shapeshifter) (WizLab)
  2 eyes of devastation (shapeshifter)
  An alligator snapping turtle zombie (Crypt:3)
  10 cane toads
  An unseen horror (D:11)
  An orange demon (Zot:3)
  2 centaur skeletons
  4 smoke demons
  28 yaktaurs
  A shock serpent skeleton (Crypt:1)
  5 rime drakes
  An unseen horror (shapeshifter) (D:14)
  A gargoyle (D:10)
  A mana viper skeleton (Crypt:2)
  6 freezing wraiths
  An efreet (D:15)
  2 komodo dragons (shapeshifter) (WizLab)
  4 komodo dragons
  3 guardian mummies (Crypt:3)
  The ghost of Borsukrates the Cudgeller, an amateur OnHu of Makhleb (D:4)
  A tormentor (Zot:1)
  2 tengu conjurers
  3 harpy zombies
  A yaktaur skeleton (Vaults:4)
  A troll (shapeshifter) (Lair:5)
  An ice devil (Abyss:1)
  An ancient zyme (Abyss:4)
  11 trolls
  A hydra zombie (Crypt:3)
  10 wind drakes
  19 merfolk
  A polar bear (shapeshifter) (Lair:5)
  18 hellwings
  2 hornets (Depths:4)
  18 polar bears
  13 dream sheep
  4 raiju
  7 glass eyes
  5 snapping turtles
  2 harpy skeletons (Crypt:3)
  21 blink frogs
  A blink frog (shapeshifter) (D:14)
  A glass eye (shapeshifter) (Depths:2)
  4 snapping turtles (shapeshifter)
  2 ettin zombies
  2 shadows
  3 spriggans
  A culicivora (Vaults:2)
  8 air elementals
  19 water elementals
  23 slime creatures
  14 wraiths
  Eustachio (D:5)
  An ettin skeleton (Crypt:1)
  3 fire elementals
  A human (shapeshifter) (Elf:1)
  55 yaks
  3 ynoxinuls
  9 humans
  4 fire bats (Abyss:4)
  9 basilisks
  4 wargs
  2 neqoxecs (D:12)
  2 redbacks (Vaults:2)
  3 steam dragons
  A yaktaur simulacrum (Vaults:4)
  The ghost of cariele the Conjurer, an amateur DrCj (D:3)
  A skyshark zombie (Crypt:1)
  7 chaos spawn
  4 vampire mosquitoes (D:15)
  An iron golem (WizLab)
  3 swamp worms (Lair:3)
  A faun skeleton (Crypt:1)
  31 nagas
  2 naga skeletons (Crypt:1)
  15 water moccasins
  6 acid dragons
  2 hell hounds (Orc:1)
  2 glowing shapeshifter skeletons
  A naga zombie (Crypt:3)
  A black bear (shapeshifter) (Lair:5)
  25 orc warriors
  3 ice beasts
  9 ogres
  A black bear (D:6)
  15 small abominations
  19 laughing skulls
  2 sky beasts (D:7)
  28 centaurs
  2 human skeletons
  22 wolves
  7 boggarts
  An ettin simulacrum (Crypt:2)
  2 phantoms
  8 kobold brigands
  13 bullfrogs
  An elf zombie (Crypt:2)
  A brain worm (Sewer)
  An earth elemental (Abyss:1)
  5 necrophages
  A gnoll sergeant (D:12)
  2 scorpions
  8 wights
  6 wyvern skeletons (Crypt:3)
  2 howler monkeys
  4 spriggan skeletons
  A wolf zombie (Crypt:1)
  An electric eel (D:13)
  3 crimson imps (Abyss:3)
  6 hounds
  21 orc priests
  3 sleepcaps
  6 hell rats (Lair:4)
  2 iguanas
  15 orc wizards
  Natasha (thrice) (D:1)
  An ice beast zombie (Crypt:1)
  Robin (D:2)
  A howler monkey skeleton (Crypt:2)
  7 gnolls
  6 adders
  6 white imps
  2 howler monkey simulacra (D:3)
  2 ufetubi (Abyss:1)
  An iguana skeleton (Crypt:2)
  A dart slug (D:1)
  6 ribbon worms
  3 adder simulacra (D:3)
  70 orcs
  13 ball pythons
  7 endoplasms
  6 giant cockroaches
  5 hobgoblins
  4 jackals
  33 kobolds
  4 quokkas
  7 bats
  A bombardier beetle zombie (Crypt:1)
  6 frilled lizards
  A frilled lizard skeleton (Crypt:2)
  A frilled lizard zombie (Crypt:1)
  16 goblins
  A quokka simulacrum (D:3)
  7 rats
  6 starspawn tentacles
  5 tentacles (Shoals:1)
2323 creatures vanquished.

Vanquished Creatures (others)
  2 stone giants (Depths:3)
  A lindwurm (Vaults:1)
  A human (D:13)
  A fire bat (Abyss:4)
  A swamp worm (shapeshifter) (Elf:1)
  A tengu (Abyss:4)
  A boggart (D:15)
  A wolf (IceCv)
  2 small abominations
  An orc priest (Orc:2)
  An orc wizard (D:7)
  A gnoll (D:7)
  An orc (D:7)
  3 starspawn tentacles
  2 tentacles (Shoals:1)
20 creatures vanquished.

Grand Total: 2343 creatures vanquished

Notes
Turn   | Place    | Note
-------+----------+-------------------------------------------
     0 | D:1      | Kenran the Oni Shapeshifter began the quest for the Orb.
     0 | D:1      | Reached XP level 1. HP: 19/19 MP: 1/1
    96 | D:1      | Found Oxkeopp's Armour Shoppe.
   154 | D:1      | Reached XP level 2. HP: 25/27 MP: 2/2
   876 | D:1      | Bought a +0 kite shield for 54 gold pieces
   907 | D:2      | Noticed Natasha
   920 | D:2      | Reached XP level 3. HP: 29/33 MP: 3/3
   954 | D:1      | Killed Natasha
  1065 | D:1      | Found Oxkeopp's Armour Shoppe.
  1206 | D:1      | Noticed Natasha
  1211 | D:1      | Killed Natasha
  1212 | D:1      | Reached XP level 4. HP: 40/41 MP: 4/4
  1218 | D:1      | Noticed Natasha
  1222 | D:1      | Killed Natasha
  2126 | D:2      | Found Bidonoup's Assorted Antiques.
  2257 | D:2      | Noticed Robin
  2263 | D:2      | Reached skill level 5 in Unarmed Combat
  2283 | D:2      | Reached XP level 5. HP: 30/48 MP: 5/5
  2292 | D:2      | Killed Robin
  2369 | D:2      | Found an opulent altar of Gozag.
  2940 | D:3      | Found a radiant altar of Vehumet.
  2940 | D:3      | Found a hazy altar of Hepliaklqana.
  2941 | D:3      | Found a hide-covered altar of Uskayaw.
  3021 | D:3      | Found a runed translucent gate.
  3021 | D:3      | Found a runed translucent gate.
  3021 | D:3      | Found a runed translucent gate.
  3081 | D:3      | Noticed cariele's ghost (amateur DrCj)
  3263 | D:3      | Found a stormy altar of Qazlal.
  3359 | D:3      | Found a shadowy altar of Dithmenos.
  3650 | D:4      | Found Joydd's General Store.
  3659 | D:4      | Bought a potion of heal wounds for 55 gold pieces
  3686 | D:4      | Reached XP level 6. HP: 50/55 MP: 6/6
  3691 | D:4      | Found a staircase to the Ecumenical Temple.
  3706 | Temple   | Entered the Ecumenical Temple
  3781 | Temple   | Became a worshipper of Warmaster Okawaru
  3950 | D:4      | Reached skill level 4 in Shapeshifting
  4114 | D:4      | Found a runed translucent door.
  4114 | D:4      | Noticed Borsukrates's ghost (amateur OnHu)
  4155 | D:4      | Found Xuijevuena's Jewellery Shoppe.
  4179 | D:4      | Found Jafah's Vocational Training.
  4192 | D:4      | Reached * piety under Okawaru
  4198 | D:4      | Reached XP level 7. HP: 31/67 MP: 7/7
  4552 | D:5      | Entered Level 5 of the Dungeon
  4680 | D:5      | Noticed Eustachio
  4710 | D:5      | Killed Eustachio
  4711 | D:5      | Reached XP level 8. HP: 66/75 MP: 8/8
  4778 | D:5      | Found a glowing drain.
  4800 | Sewer    | Entered a sewer
  4898 | Sewer    | Reached ** piety under Okawaru
  5452 | D:5      | Found a snail-covered altar of Cheibriados.
  6014 | D:6      | Reached XP level 9. HP: 70/81 MP: 9/9
  6017 | D:6      | Reached *** piety under Okawaru
  6053 | D:6      | Reached skill level 10 in Unarmed Combat
  6401 | D:6      | Reached skill level 5 in Fighting
  6766 | D:7      | Reached skill level 1 in Invocations
  6929 | D:7      | Identified the +1 mace of the Glamorous God {flame, rElec}
  7130 | D:7      | Reached skill level 5 in Invocations
  7247 | D:7      | Reached **** piety under Okawaru
  7473 | D:7      | Reached skill level 1 in Shields
  7804 | D:7      | Reached XP level 10. HP: 86/98 MP: 14/14
  8048 | D:8      | Noticed Pikel
  8066 | D:7      | Killed Pikel
  8067 | D:7      | Reached skill level 5 in Shields
  8204 | D:8      | Noticed Maggie
  8221 | D:8      | Killed Maggie
  8448 | D:8      | Found a sacrificial altar of Ru.
  8574 | D:8      | Reached ***** piety under Okawaru
  8776 | D:9      | Reached skill level 5 in Shapeshifting
  8955 | D:9      | Found a broken altar of Ashenzari.
  8956 | D:9      | Found an opulent altar of Gozag.
  8956 | D:9      | Found a blossoming altar of Fedhas.
  9181 | D:9      | Received a gift from Okawaru
  9319 | D:9      | Found a staircase to the Orcish Mines.
  9591 | D:9      | Reached skill level 6 in Shapeshifting
  9682 | D:10     | Entered Level 10 of the Dungeon
  9811 | D:10     | Reached XP level 11. HP: 51/105 MP: 15/15
 10369 | D:10     | Reached skill level 7 in Shapeshifting
 10777 | D:11     | Noticed a two-headed ogre
 10800 | D:10     | Received a gift from Okawaru
 10877 | D:11     | Killed a two-headed ogre
 10881 | D:11     | Found the +6 shillelagh "Devastator" {shatter}
 10885 | D:11     | Noticed a boulder beetle
 10920 | D:11     | Killed a boulder beetle
 11221 | D:11     | Found a staircase to the Lair.
 11386 | D:11     | Noticed a two-headed ogre
 11408 | D:11     | Killed a two-headed ogre
 11409 | D:11     | Reached skill level 10 in Fighting
 11643 | D:11     | Reached skill level 1 in Evocations
 12008 | Lair:1   | Entered Level 1 of the Lair of Beasts
 12268 | Lair:1   | Noticed Urug
 12275 | Lair:1   | Reached XP level 12. HP: 126/126 MP: 16/16
 12283 | Lair:1   | Killed Urug
 12326 | Lair:1   | Noticed Fannar
 12352 | Lair:1   | Killed Fannar
 12352 | Lair:1   | Reached ****** piety under Okawaru
 12352 | Lair:1   | Received a gift from Okawaru
 12554 | Lair:1   | Acquired the +7 captain's cutlass {speed, disarm}
 12554 | Lair:1   | Received a gift from Okawaru
 12554 | Lair:1   | Found the +7 captain's cutlass {speed, disarm}
 12558 | Lair:1   | Acquired the +0 mask of the Dragon {Will+ Slay+3 SInv}
 12558 | Lair:1   | Received a gift from Okawaru
 12558 | Lair:1   | Found the +0 mask of the Dragon {Will+ Slay+3 SInv}
 13347 | Lair:2   | Identified a scroll of acquirement
 13348 | Lair:2   | Acquired the +7 swamp dragon scales of a volcano {-Cast
                  | rPois Will++ Slay+5}
 13396 | Lair:2   | Reached skill level 8 in Shapeshifting
 13898 | Lair:3   | Received a gift from Okawaru
 13905 | Lair:3   | Reached skill level 9 in Shapeshifting
 14165 | Lair:4   | Reached skill level 10 in Shapeshifting
 14183 | Lair:3   | Noticed Foabaekk's ghost (journeyman GrMo)
 14183 | Lair:3   | Found a runed translucent gate.
 14183 | Lair:3   | Found a runed translucent gate.
 14184 | Lair:3   | Noticed Ceyvaan's ghost (journeyman DEFE)
 14184 | Lair:3   | Noticed Kenran's ghost (journeyman OnSh)
 14185 | Lair:3   | Found a runed translucent gate.
 14186 | Lair:3   | Noticed Yjeari's ghost (journeyman GrMo)
 14197 | Lair:3   | Received a gift from Okawaru
 14245 | Lair:3   | Found a staircase to the Snake Pit.
 14268 | Lair:3   | Reached XP level 13. HP: 77/133 MP: 17/17
 14484 | Lair:3   | Reached skill level 11 in Shapeshifting
 14507 | Lair:3   | Identified the amulet "Qoaco" {rC+ Will+ Regen+}
 14922 | Lair:3   | Found a staircase to the Shoals.
 14948 | Lair:3   | Received a gift from Okawaru
 15422 | Lair:4   | Reached skill level 12 in Shapeshifting
 15708 | Lair:4   | Found a runed translucent door.
 15709 | Lair:4   | Found a staircase to the Slime Pits.
 15709 | Lair:4   | Noticed an azure jelly
 15801 | Lair:5   | Entered Level 5 of the Lair of Beasts
 15835 | Lair:5   | Received a gift from Okawaru
 15904 | Lair:5   | Reached skill level 13 in Shapeshifting
 16159 | Lair:5   | Received a gift from Okawaru
 16330 | Lair:5   | Reached skill level 14 in Shapeshifting
 16332 | Lair:5   | a yak changed into an entropy weaver
 16332 | Lair:5   | Noticed an entropy weaver (shapeshifter)
 16672 | Lair:5   | Reached XP level 14. HP: 135/143 MP: 18/18
 16826 | Lair:5   | Received a gift from Okawaru
 17184 | Lair:5   | Found a corrupted altar of Lugonu.
 17184 | Lair:5   | Found a one-way gate to the infinite horrors of the Abyss.
 17189 | Lair:5   | Identified the staff of Voracious Duty {rPois rC++ rN+
                  | Str-4 SInv Necro}
 17845 | D:12     | Received a gift from Okawaru
 18479 | D:13     | Reached skill level 10 in Shields
 18744 | D:13     | Received a gift from Okawaru
 19005 | D:13     | Reached XP level 15. HP: 149/149 MP: 19/19
 19013 | D:13     | Found a gate to the Vaults.
 19539 | D:14     | Received a gift from Okawaru
 19746 | D:14     | Reached skill level 15 in Unarmed Combat
 19791 | D:14     | Identified the +1 helmet of Ykkan {rN+}
 19991 | D:15     | Entered Level 15 of the Dungeon
 20064 | D:15     | Noticed Louise
 20247 | D:15     | Received a gift from Okawaru
 20303 | D:15     | Found a broken altar of Ashenzari.
 20571 | D:15     | Noticed Josephine
 20586 | D:15     | Killed Josephine
 20742 | D:15     | Killed Louise
 20777 | D:15     | Received a gift from Okawaru
 21220 | D:15     | Found a staircase to the Depths.
 21405 | Orc:1    | Entered Level 1 of the Orcish Mines
 21425 | Orc:1    | Noticed Nergalle
 21438 | Orc:1    | Killed Nergalle
 21510 | Orc:1    | Noticed Jorgrun
 21517 | Orc:1    | Killed Jorgrun
 21517 | Orc:1    | Received a gift from Okawaru
 21664 | Orc:1    | Found Meoleam's Assorted Antiques.
 21689 | Orc:1    | Bought a scroll of identify for 74 gold pieces
 21926 | Orc:2    | Entered Level 2 of the Orcish Mines
 21927 | Orc:2    | Found Uliukotu's Jewellery Shoppe.
 22029 | Orc:2    | Noticed an orc warlord
 22068 | Orc:1    | Killed an orc warlord
 22164 | Orc:2    | Found Rieblecs's Antique Armour Shop.
 22234 | Orc:1    | Reached XP level 16. HP: 161/170 MP: 20/20
 22301 | Orc:1    | Received a gift from Okawaru
 22464 | Orc:2    | Found a transporter.
 22494 | Orc:2    | Found a transporter.
 22530 | Orc:2    | Found a frozen archway.
 22534 | IceCv    | Entered an ice cave
 22672 | IceCv    | Reached skill level 15 in Fighting
 22937 | IceCv    | Received a gift from Okawaru
 23048 | IceCv    | Identified the +6 scale mail "Idedghulu" {rN+ Str+2 Int-5
                  | Stlth+}
 23374 | Orc:2    | Found Ilaan's Antique Weapon Shop.
 23455 | Orc:2    | Found a staircase to the Elven Halls.
 23610 | Orc:2    | Noticed Amplified's ghost (journeyman MfFi)
 23611 | Orc:2    | Identified the +1 great mace of the Salmon {speed, rCorr}
 23611 | Orc:2    | Identified the +8 great mace of the Pits of Slime {flame,
                  | rN+ rCorr}
 23626 | Orc:2    | Found Idiwnegg's General Store.
 23634 | Orc:2    | Bought a scroll of identify for 30 gold pieces
 23906 | D:3      | Killed cariele's ghost
 24031 | D:4      | Killed Borsukrates's ghost
 24263 | Snake:1  | Entered Level 1 of the Snake Pit
 24497 | Snake:1  | Reached skill level 15 in Shapeshifting
 24625 | Snake:1  | Acquired a manual of Unarmed Combat
 24797 | Snake:1  | Received a gift from Okawaru
 25113 | Snake:1  | Acquired the -1 cloak "Jeitukh" {^Drain rElec Regen+ Dex+6}
 25287 | Snake:2  | Found Facoddoo's Antique Weapon Shop.
 25303 | Snake:2  | Found a transporter.
 25349 | Snake:2  | Reached skill level 16 in Shapeshifting
 25534 | Snake:2  | Noticed Smee's ghost (adept MiFi)
 25545 | Snake:2  | Found a transporter.
 25768 | Snake:2  | Reached XP level 17. HP: 123/184 MP: 23/23
 26187 | Snake:2  | Learned a level 2 spell: Lesser Beckoning
 26562 | Snake:3  | Received a gift from Okawaru
 26661 | Snake:3  | Found Quowk's General Store.
 26663 | Snake:3  | Found Raemaeb's Distillery.
 26663 | Snake:3  | Found Atenuuco's Magic Scroll Shop.
 26684 | Snake:3  | Found Nootid's Jewellery Boutique.
 26687 | Snake:3  | Bought a potion of curing for 39 gold pieces
 26687 | Snake:3  | Bought a potion of heal wounds for 65 gold pieces
 26693 | Snake:3  | Bought a scroll of teleportation for 39 gold pieces
 26693 | Snake:3  | Bought a scroll of fog for 52 gold pieces
 27196 | Shoals:1 | Entered Level 1 of the Shoals
 27522 | Shoals:1 | Received a gift from Okawaru
 27736 | Shoals:1 | Noticed a kraken
 27745 | Shoals:1 | Killed a kraken
 27746 | Shoals:1 | Reached skill level 5 in Dodging
 28734 | Shoals:3 | Received a gift from Okawaru
 28845 | Shoals:3 | Noticed Nikola
 28878 | Shoals:3 | Noticed Ilsuiw
 28896 | Shoals:2 | Killed Nikola
 28996 | Shoals:2 | Killed Ilsuiw
 29068 | Shoals:2 | Reached XP level 18. HP: 193/193 MP: 24/24
 29200 | Shoals:3 | Noticed Polyphemus
 29377 | Shoals:3 | Killed Polyphemus
 29902 | Shoals:3 | Received a gift from Okawaru
 30222 | Shoals:4 | Entered Level 4 of the Shoals
 30266 | Shoals:4 | Reached skill level 10 in Dodging
 30528 | Shoals:4 | Found a glowing golden altar of the Shining One.
 30537 | Shoals:4 | Identified the ring of Fragile Peace {rElec rF+ Dex+2
                  | Stlth-}
 30903 | Shoals:4 | Found a glowing silver altar of Zin.
 31118 | Shoals:4 | Found a white marble altar of Elyvilon.
 31140 | Shoals:4 | Received a gift from Okawaru
 31156 | Shoals:4 | Reached skill level 17 in Shapeshifting
 31369 | Shoals:4 | Got a barnacled rune of Zot
 31870 | Snake:4  | Entered Level 4 of the Snake Pit
 32233 | Snake:4  | Noticed Saint Roka
 32252 | Snake:4  | Killed Saint Roka
 32252 | Snake:4  | Received a gift from Okawaru
 32519 | Snake:4  | Reached skill level 18 in Shapeshifting
 32586 | Snake:4  | Reached XP level 19. HP: 201/201 MP: 25/25
 32777 | Snake:4  | Received a gift from Okawaru
 33080 | Snake:4  | Noticed Donald
 33093 | Snake:4  | Killed Donald
 33422 | Snake:4  | Reached skill level 19 in Shapeshifting
 33662 | Snake:4  | Received a gift from Okawaru
 33671 | Snake:4  | Got a serpentine rune of Zot
 34053 | Elf:1    | Entered Level 1 of the Elven Halls
 34301 | Elf:1    | Got Cypnoir's Directory of the Crypt and Incandescence
 34313 | Elf:1    | Got Sif Muna's Vellum of Degeneration
 34958 | Elf:2    | Received a gift from Okawaru
 35150 | Elf:2    | Acquired 706 gold pieces
 35370 | Elf:2    | Found a huge runed translucent gate.
 35370 | Elf:2    | Found a huge runed translucent gate.
 35370 | Elf:2    | Found a huge runed translucent gate.
 35370 | Elf:2    | Found a huge runed translucent gate.
 35374 | Elf:2    | Found a huge runed translucent gate.
 35568 | Elf:2    | Reached skill level 20 in Shapeshifting
 35584 | Elf:2    | Received a gift from Okawaru
 35996 | Elf:2    | Reached XP level 20. HP: 218/218 MP: 26/26
 36448 | Vaults:1 | Entered Level 1 of the Vaults
 36615 | Vaults:1 | Identified the +0 ring mail of Dishonesty {Str+2 Int+4}
 36646 | Vaults:1 | You are sucked into a shaft and drop 1 floor!
 36713 | Vaults:2 | Received a gift from Okawaru
 37130 | Vaults:2 | Received a gift from Okawaru
 37208 | Vaults:2 | Found Weffeuq's Weapon Shoppe.
 37551 | Vaults:2 | Reached skill level 5 in Evocations
 37928 | Vaults:1 | Received a gift from Okawaru
 38357 | Vaults:1 | Identified the +2 pair of boots "Qypysma" {MP+9}
 38430 | Vaults:1 | Reached XP level 21. HP: 237/237 MP: 27/27
 38654 | Vaults:1 | Found Pusus's Jewellery Shop.
 38698 | Vaults:1 | Received a gift from Okawaru
 38861 | Vaults:1 | Noticed Boris
 39443 | Vaults:3 | Found a staircase to the Crypt.
 39502 | Vaults:3 | Found a portal to a secret trove of treasure.
 39810 | Vaults:3 | Noticed Norris
 39828 | Vaults:3 | Killed Norris
 39860 | Vaults:3 | Received a gift from Okawaru
 40523 | Vaults:4 | Received a gift from Okawaru
 41250 | Vaults:4 | Identified the orb "Waaf" {light, Str+2 Int+4}
 41250 | Vaults:4 | Noticed Frederick
 41268 | Vaults:4 | Killed Frederick
 41271 | Vaults:4 | Received a gift from Okawaru
 41277 | Vaults:4 | Reached skill level 21 in Shapeshifting
 41523 | Vaults:4 | Reached XP level 22. HP: 247/247 MP: 28/28
 41747 | Vaults:4 | Noticed Mennas
 41761 | Vaults:4 | Killed Mennas
 42065 | Depths:1 | Entered Level 1 of the Depths
 42089 | Depths:1 | Received a gift from Okawaru
 42449 | Depths:1 | Reached skill level 22 in Shapeshifting
 42511 | Depths:1 | Found a gateway to Hell.
 42531 | Depths:1 | Received a gift from Okawaru
 42872 | D:2      | Bought a lightning rod (4/4) for 1040 gold pieces
 42973 | D:4      | Bought a manual of Evocations for 1040 gold pieces
 42973 | D:4      | Bought a manual of Invocations for 1040 gold pieces
 43352 | Depths:1 | Identified the +9 shortbow of the Known World {speed, rF+
                  | rN+}
 43468 | Depths:2 | Noticed a juggernaut
 43495 | Depths:2 | Killed a juggernaut
 43784 | Depths:2 | Received a gift from Okawaru
 43797 | Depths:2 | Reached skill level 23 in Shapeshifting
 43931 | Depths:2 | Noticed a juggernaut
 43934 | Depths:2 | Killed a juggernaut
 43950 | Depths:2 | Found a one-way gate leading to the halls of Pandemonium.
 44111 | Depths:2 | Received a gift from Okawaru
 44314 | Depths:2 | Found Anor's Tiny Tomes.
 44360 | Depths:2 | Noticed a caustic shrike
 44368 | Depths:2 | Killed a caustic shrike
 44486 | Depths:2 | Reached XP level 23. HP: 254/254 MP: 29/29
 44606 | Depths:2 | Reached skill level 10 in Evocations
 45186 | Depths:3 | Noticed a caustic shrike
 45194 | Depths:2 | Received a gift from Okawaru
 45715 | Depths:3 | Received a gift from Okawaru
 45716 | Depths:3 | Noticed a golden dragon
 45719 | Depths:3 | Killed a golden dragon
 45725 | Depths:3 | Got Arunimaq's Folio of the Dead
 45764 | Depths:3 | Reached skill level 10 in Invocations
 45800 | Depths:3 | Noticed a golden dragon
 45806 | Depths:3 | Killed a golden dragon
 45808 | Depths:3 | Found a magical portal.
 45843 | WizLab   | Entered Cigotuvi's Fleshworks
 46276 | WizLab   | Got Cigotuvi's Octavo of Synthesis and Left-Handed
                  | Mysteries
 46475 | WizLab   | Gained mutation: You are occasionally teleported next to
                  | monsters. [a shining eye]
 46636 | WizLab   | Lost mutation: You are occasionally teleported next to
                  | monsters. [potion of mutation]
 46636 | WizLab   | Gained mutation: You occasionally shout uncontrollably at
                  | your foes. [potion of mutation]
 46636 | WizLab   | Gained mutation: You have large cloven feet. [potion of
                  | mutation]
 46636 | WizLab   | Gained mutation: You are agile. (Dex +4, Str/Int -1)
                  | [potion of mutation]
 46636 | WizLab   | Gained mutation: Your muscles are strong. (Str +4, Int/Dex
                  | -1) [potion of mutation]
 46649 | WizLab   | Found the -2 hat of the Alchemist {rElec rPois rF+ rC+ rN+
                  | Will+ rMut rCorr}
 46704 | WizLab   | Received a gift from Okawaru
 47121 | Depths:3 | Killed a caustic shrike
 47281 | Depths:3 | Found a sacrificial altar of Ru.
 47457 | Depths:4 | Entered Level 4 of the Depths
 47530 | Depths:4 | Received a gift from Okawaru
 47541 | Depths:4 | Reached XP level 24. HP: 140/265 MP: 32/32
 47679 | Depths:4 | Found a one-way gateway to a ziggurat.
 48025 | Depths:4 | Reached skill level 24 in Shapeshifting
 48035 | Depths:4 | Noticed a juggernaut
 48046 | Depths:4 | Killed a juggernaut
 48226 | Depths:4 | Reached skill level 1 in Armour
 48246 | Depths:4 | Found a gate to the Realm of Zot.
 48291 | Depths:4 | Received a gift from Okawaru
 48770 | Elf:3    | Entered Level 3 of the Elven Halls
 48879 | Elf:3    | Found a shimmering altar of Xom.
 48905 | Elf:3    | Found a radiant altar of Vehumet.
 49012 | Elf:3    | Found a large runed translucent door.
 49012 | Elf:3    | Found a large runed translucent door.
 49016 | Elf:3    | Noticed dvd2's ghost (adept HOGl)
 49212 | Elf:3    | Reached skill level 5 in Armour
 49261 | Elf:3    | Identified the +6 dagger "Taudiph" {heavy, +Blink rC+ rN+
                  | Int-5}
 49558 | Elf:3    | Received a gift from Okawaru
 49716 | Elf:3    | Got the Monograph on the Undead Tropics
 49740 | Elf:3    | Identified the staff of Fear {rPois MP+9 Alchemy}
 49746 | Elf:3    | Identified the +5 morningstar "Qytatalu" {flame, rPois}
 49755 | Elf:3    | Identified the scarf of Dummoa {shadows, rC+}
 49966 | Elf:3    | Killed dvd2's ghost
 50322 | Crypt:1  | Entered Level 1 of the Crypt
 50710 | Crypt:1  | Acquired a manual of Shapeshifting
 50927 | Crypt:1  | Reached skill level 10 in Armour
 50934 | Crypt:1  | Received a gift from Okawaru
 51689 | Crypt:2  | Identified the +6 glaive "Qatefehe" {protect, rPois rF+}
 52105 | Crypt:2  | Reached XP level 25. HP: 260/273 MP: 32/32
 52108 | Crypt:2  | Reached skill level 25 in Shapeshifting
 52340 | Crypt:3  | Entered Level 3 of the Crypt
 52369 | Crypt:3  | Received a gift from Okawaru
 52752 | Crypt:3  | Reached skill level 26 in Shapeshifting
 52971 | Crypt:3  | Found a staircase to the Tomb.
 53097 | Crypt:3  | Found an ancient bone altar of Kikubaaqudgha.
 53178 | Crypt:3  | Received a gift from Okawaru
 53222 | Crypt:3  | Noticed an ancient lich
 53224 | Crypt:3  | Identified the +4 war axe "Undertaker" {pain, ^Contam Fly
                  | rElec rC+}
 53224 | Crypt:3  | Noticed a dread lich
 53231 | Crypt:3  | Killed an ancient lich
 53240 | Crypt:3  | Killed a dread lich
 53258 | Crypt:3  | Identified the staff of the Enemy {rC+ Will+ MP+9 Ice}
 53259 | Crypt:3  | Identified the +0 scale mail of Skepticism {rPois rC+
                  | Str+4}
 53887 | Depths:3 | Voluntarily entered the Abyss.
 53887 | Abyss:1  | Found a corrupted altar of Lugonu.
 53955 | Abyss:1  | Found a corrupted altar of Lugonu.
 54085 | Abyss:1  | Found a corrupted altar of Lugonu.
 54208 | Abyss:2  | Found a corrupted altar of Lugonu.
 54305 | Abyss:3  | Found a corrupted altar of Lugonu.
 54322 | Abyss:3  | Received a gift from Okawaru
 54355 | Abyss:4  | Found a corrupted altar of Lugonu.
 54392 | Abyss:4  | Found a corrupted altar of Lugonu.
 54408 | Abyss:4  | Reached skill level 27 in Shapeshifting
 54432 | Abyss:4  | Found a corrupted altar of Lugonu.
 54456 | Abyss:4  | Got an abyssal rune of Zot
 54480 | Depths:3 | Escaped the Abyss
 54910 | Zot:1    | Entered Level 1 of the Realm of Zot
 55068 | Zot:1    | Reached skill level 15 in Evocations
 55093 | Zot:1    | Received a gift from Okawaru
 55316 | Zot:1    | Identified the ring "Mufyuzat" {rPois rC+ EV+5 Dex+3}
 55368 | Zot:1    | Noticed an orb of fire
 55380 | Zot:1    | Killed an orb of fire
 55381 | Zot:1    | Reached XP level 26. HP: 277/283 MP: 32/32
 55381 | Zot:1    | Identified the +7 dagger "Pooruon" {flame, rElec Int+3}
 55808 | Zot:1    | Received a gift from Okawaru
 56519 | Zot:2    | Received a gift from Okawaru
 56962 | Zot:2    | Noticed Vv
 56981 | Zot:2    | Killed Vv
 56984 | Zot:2    | Noticed an orb of fire
 57003 | Zot:2    | Killed an orb of fire
 57192 | Zot:2    | Identified the maw talisman of Light {*Corrode rN+ Will-
                  | Dex+6}
 57769 | Zot:3    | Noticed an orb of fire
 57782 | Zot:3    | Killed an orb of fire
 57787 | Zot:3    | Noticed a Killer Klown
 57802 | Zot:3    | Killed a Killer Klown
 57929 | Zot:3    | Received a gift from Okawaru
 57944 | Zot:3    | Noticed a Killer Klown
 57952 | Zot:3    | Killed a Killer Klown
 58768 | Zot:4    | Reached XP level 27. HP: 271/305 MP: 32/32
 58832 | Zot:4    | Received a gift from Okawaru
 58961 | Zot:4    | Found a transporter.
 58965 | Zot:4    | Found a transporter.
 58965 | Zot:4    | Found a transporter.
 59469 | Zot:4    | Received a gift from Okawaru
 59575 | Zot:4    | Found a transporter.
 59866 | Zot:5    | Entered Level 5 of the Realm of Zot
 60102 | Zot:5    | Noticed an ancient lich
 60108 | Zot:5    | Noticed an orb of fire
 60125 | Zot:5    | Noticed an orb of fire
 60126 | Zot:5    | Noticed an orb of fire
 60126 | Zot:5    | Noticed a dread lich
 60128 | Zot:5    | Noticed an orb of fire
 60131 | Zot:5    | Killed an orb of fire
 60143 | Zot:5    | Killed an orb of fire
 60144 | Zot:5    | Noticed an orb of fire
 60147 | Zot:5    | Noticed an orb of fire
 60154 | Zot:5    | Killed an orb of fire
 60154 | Zot:5    | Received a gift from Okawaru
 60157 | Zot:5    | HP: 13/314 [orb of fire/bolt of fire (29)]
 60158 | Arena    | Entered the Arena
 60165 | Arena    | Killed an ancient lich
 60180 | Zot:5    | Noticed an orb of fire
 60181 | Zot:5    | Noticed an orb of fire
 60184 | Zot:5    | Killed an orb of fire
 60185 | Zot:5    | Gained mutation: You are frail. (-10% HP) [an orb of fire]
 60188 | Zot:5    | Killed an orb of fire
 60194 | Arena    | Entered the Arena
 60198 | Arena    | Killed an orb of fire
 60223 | Zot:5    | Killed an orb of fire
 60226 | Zot:5    | Killed a dread lich
 60232 | Zot:5    | Killed an orb of fire
 60232 | Zot:5    | Received a gift from Okawaru
 60284 | Zot:5    | Received a gift from Okawaru
 60367 | Zot:5    | Reached skill level 15 in Shields
 60534 | Zot:5    | Identified the +0 robe of Too Many Cooks {rElec rC++ Will+}
 60571 | Zot:5    | Reached skill level 15 in Dodging
 61083 | Zot:5    | Got the Orb of Zot
 61159 | Zot:4    | Noticed Hekliyne the pandemonium lord
 61181 | Zot:4    | Killed Hekliyne the pandemonium lord
 61340 | Zot:1    | Received a gift from Okawaru
 61363 | Depths:4 | Noticed Yvoe the pandemonium lord
 61371 | Depths:4 | Killed Yvoe the pandemonium lord
 61515 | D:12     | Noticed Dicupurr the pandemonium lord
 61516 | D:12     | Noticed an ancient lich
 61532 | D:12     | Killed an ancient lich
 61545 | D:12     | Killed Dicupurr the pandemonium lord
 61735 | D:5      | Noticed Paif the pandemonium lord
 61735 | D:5      | Noticed an ancient lich
 61744 | D:5      | Killed Paif the pandemonium lord
 61747 | D:5      | Killed an ancient lich
 61806 | D:$      | Escaped with the Orb!

Illustrated notes

Levels and vault maps discovered:
D:1:      shiori_shiawase, layout_basic, serial_shops,
          nicolae_shop_advertising_works [nicolae_subvault_shop_adworks],
          kennysheep_decorative_pillar, minmay_vboxes
D:2:      layout_basic, basic_altar, serial_shops, nicolae_lakefront_shop,
          glass_columns_c, bh_walls_and_bars, uniq_natasha, uniq_robin
D:3:      layout_loops_corners, nicolae_dithmenos_the_darkroom,
          mainiacjoe_overflow_tiny_flanked, gammafunk_temple_overflow_claw,
          gammafunk_ghost_icy
D:4:      layout_basic, minmay_temple_entry_ruins, serial_shops, shop,
          nicolae_diamond_shop, hellmonk_ghost_happy_afterlife,
          nicolae_shop_vocational
D:5:      layout_loops_ring, slow_altar_1, portal_sewer_entry_f, uniq_eustachio
D:6:      layout_loops_ring, st_stairs_12
D:7:      minmay_recursive_quarters, layout_loops_corners
D:8:      layout_loops_ring, kennysheep_mini_moat, uniq_pikel, uniq_maggie
D:9:      layout_small_grid, minitemple, erik_orc_4,
          minmay_fractal_squares_gapless_5
D:10:     layout_grid_maze
D:11:     layout_gridville, erik_lair_orcish_takeover, st_stairs_10,
          dilly_guarded_unrand_devastator
D:12:     layout_stronghold, hangedman_stone_soup
D:13:     layout_basic, ximxim_vaults_locker_room, corner_web_ring, uniq_frances
D:14:     layout_basic, nicolae_cairo_tiling, chequers_serial_rivers_micro_a
D:15:     hellmonk_depths_entry_around_the_bend, layout_loops_cross,
          ashenzari_conservatory_becter, uniq_josephine, uniq_louise
Temple:   chequers_temple_sunken
Lair:1:   layout_cave_pods, small_statue_intersection, uniq_fannar, uniq_urug
Lair:2:   layout_hall_layers
Lair:3:   layout_small_grid, mainiacjoe_shoals_entry_four_pools,
          minmay_snake_entry_guardpost_small, gammafunk_ghost_cemetery,
          st_stairs_8, worms_lemuel
Lair:4:   layout_hall_layers, slime_entry_2, minivault_11
Lair:5:   hellmonk_lair_end_abyssal_woods, layout_hall_layers,
          lemuel_fruit_tree, infiniplex_staircase_pool_2
Shoals:1: layout_shoals
Shoals:2: layout_shoals, nicolae_splish_splash
Shoals:3: layout_shoals, uniq_polyphemus, uniq_nikola, uniq_ilsuiw
Shoals:4: shoals_end_hellmonk_holy_island
Snake:1:  layout_misc_corridors, grunt_megastairs_1
Snake:2:  layout_misc_corridors, gammafunk_ghost_arena, serial_shops, shop,
          nicolae_snake_slithery_corners
Snake:3:  layout_honeycomb, serial_library_hellmonk_open_cross, minmay_shoptagon
Snake:4:  grunt_snake_rune_spirals, layout_onion, serial_bayou_crossing,
          uniq_saint_roka, uniq_donald
Orc:1:    layout_diamond_mine, serial_shops, nicolae_square_shop,
          enter_volcano_3, nicolae_orc_minecarts, uniq_jorgrun, uniq_nergalle
Orc:2:    grunt_orc_gardens, layout_diamond_mine, grunt_orc_garden,
          grunt_orc_garden, grunt_orc_garden, grunt_orc_garden,
          portal_ice_cave_entry_pillars_1, gammafunk_ghost_smash
Elf:1:    nicolae_elf_arrival_aired_out, layout_geoelf_diagonals,
          nicolae_elf_crossing_hall, hex_medium, nicolae_elf_shapeshifter_party
Elf:2:    elven_hall_of_blades_hangedman_alternative
          [nicolae_blade_entry_antechamber], layout_geoelf_octagon
Elf:3:    elf_hall, layout_geoelf_octagon, basic_altar,
          ebering_ghost_disaster_area, david_defended_altar_elf
Vaults:1: nicolae_vaults_trapezoid_lopsided_4,
          nicolae_vaults_shipping_containers_4, nicolae_vaults_network_s,
          ontoclasm_vaults_ring_small, vaults_room_mumra_shop_pool,
          nicolae_vaults_prndl, hangedman_vaults_slice,
          nicolae_vaults_wine_cellar, ontoclasm_vaults_decontamination,
          layout_vaults_quadrants, uniq_boris
Vaults:2: nicolae_vaults_branching_niches, nicolae_vaults_border_crossing,
          nicolae_vaults_circle_grid_b, nicolae_vaults_double_plus_2,
          ontoclasm_vaults_loading_screen, nicolae_vaults_offset_grid_hallway_1,
          ontoclasm_vaults_spin, nicolae_vaults_gold_heap,
          nicolae_vaults_six-pack, vaults_dpeg_diagonal,
          nicolae_vaults_closet_pinwheel_6, nicolae_vaults_circle_grid_b,
          nicolae_vaults_surprise_closet, nicolae_vaults_shelves_hall,
          vaults_mumra_lcd, nicolae_vaults_double_plus_1, layout_vaults_ring,
          serial_shops, shop
Vaults:3: v_misc_11, dpeg_vaults_monster_box, grunt_vaults_hallway_long,
          nicolae_vaults_trapezoid_layered, nicolae_vaults_what_the_h,
          v_misc_12, ontoclasm_vaults_shuriken, ontoclasm_vaults_hangar,
          blue_anna_dwarven_crypt, vaults_dpeg_encased_lava, v_misc_15,
          nicolae_vaults_more_shelving_2, nicolae_vaults_house_2,
          nicolae_vaults_mini_display_case, layout_vaults_big_room,
          nicolae_trove_entry_free_sample, uniq_norris
Vaults:4: grunt_vaults_trifunnel, nicolae_vaults_tangram_1,
          grunt_vaults_bifocal, hangedman_vaults_corner, hangedman_vaults_hat,
          nicolae_vaults_apartment_1, v_pattern_2, nicolae_vaults_big_ls,
          nicolae_vaults_network_square, grunt_vaults_focal,
          layout_vaults_omnibox, uniq_mennas, uniq_frederick, uniq_margery
Crypt:1:  layout_regular_city, minivault_24, minicrypt_bobbens,
          grunt_crypt_arrival_split, grunt_megastairs_3, lemuel_upstairs_altar
Crypt:2:  layout_regular_city, grunt_ministairs_3
Crypt:3:  evilmike_haunted_forest
Depths:1: layout_cave_pools, serial_sigils_hangedman_quiver, hell_entry,
          dreamdust_looks_like_rain
Depths:2: minmay_four_inscribed_fans, layout_gridville, lightli_too_deep,
          pan_entry, nicolae_shop_i_like_small_books_too
Depths:3: nzn_winding_woodlands_cross [nzn_winding_woodlands_5x15_sidewinder,
          nzn_winding_woodlands_5x15_lazy_stream,
          nzn_winding_woodlands_5x15_pathside_ponds,
          nzn_winding_woodlands_5x15_twine,
          nzn_winding_woodlands_15x15_thick_spiral], layout_twisted_cross,
          pf_dread_powers_of_hell, abyss_entry_small_statue_room,
          mu_enter_wizlab_4, nicolae_ru_the_path_less_chosen,
          serial_library_regret_index_multi, dreamdust_wasp_nest
Depths:4: grunt_zot_entry_bicorn, layout_basic, enter_ziggurat_f,
          grunt_pan_entry_sceptre, hell_entry, minmay_misc_feat_room
Zot:1:    dreamdust_black_sun_cult, layout_basic, st_small_dragon_hoard_4,
          lemuel_golem_globe
Zot:2:    evilmike_crystal_ball_defense, layout_onion_interference,
          regret_index_zotdec_bone_old, lemuel_baited_zot_trap, uniq_vv
Zot:3:    layout_gridlike, hangedman_player_shredder
Zot:4:    layout_basic, st_stairs_13, nicolae_diode_intersection,
          grunt_megastairs_4
Zot:5:    layout_gridlike

Skill      XL: |  1  2  3  4  5  6  7  8  9 10 11 12 13 14 15 16 17 18 19 20 21 22 23 24 25 26 27 |
---------------+----------------------------------------------------------------------------------+-----
Unarmed Combat | 3 4 5 6 7 9 10 11 12 13 14 16 19 20 22 | 22.0
Shapeshifting  | 4 6 7 10 14 16 18 20 21 23 24 27 | 27.0
Fighting       | 3 6 10 13 15 17 20 23 25 | 25.0
Dodging        | 3 8 10 11 14 16 | 16.9
Invocations    | 6 8 12 | 12.0
Shields        | 3 5 10 15 | 15.0
Evocations     | 4 6 9 12 13 15 | 15.0
Armour         | 10 | 10.0

Action                     |  1- 3 |  4- 6 |  7- 9 | 10-12 | 13-15 | 16-18 | 19-21 | 22-24 | 25-27 || total
---------------------------+-------+-------+-------+-------+-------+-------+-------+-------+-------++-------
  Melee: Unarmed           |    61 |   188 |   310 |   572 |  1124 |  1137 |   913 |  1192 |  1477 ||  6974
         Headbutt          |     3 |    24 |    58 |   119 |   289 |   153 |       |   158 |   468 ||  1272
         Tailslap          |       |       |       |       |       |    88 |   147 |   102 |    17 ||   354
         Punch             |       |       |       |       |       |    77 |   109 |    83 |     6 ||   275
         Bite              |       |       |       |       |       |    60 |    97 |    92 |    11 ||   260
         Kick              |       |       |       |       |       |       |       |   263 |   724 ||   987
 Invoke: Heroism           |       |       |       |     2 |       |     5 |     2 |     5 |    10 ||    24
         Receive Weapon    |       |       |       |     1 |       |       |       |       |       ||     1
         Receive Armour    |       |       |       |     1 |       |       |       |       |       ||     1
         Finesse           |       |       |       |       |       |       |     1 |     1 |     7 ||     9
         Duel              |       |       |       |       |       |       |       |       |     2 ||     2
Ability: Breathe Fire      |       |       |       |       |       |     3 |    14 |     5 |     1 ||    23
         Begin Untransform |       |       |       |       |       |       |     2 |       |       ||     2
         Siphon Essence    |       |       |       |       |       |       |       |       |     1 ||     1
  Evoke: Wand              |       |       |       |     7 |     3 |       |       |       |       ||    10
         Condenser vane    |       |       |       |       |       |       |     1 |     1 |     1 ||     3
    Use: Scroll            |       |     4 |     3 |     9 |    10 |     8 |     3 |     4 |    11 ||    52
         Potion            |       |     1 |     7 |     6 |       |     9 |       |     2 |    19 ||    44
   Stab: Sleeping          |       |     1 |       |       |       |       |     1 |       |       ||     2
         Petrified         |       |       |       |       |       |     1 |       |       |       ||     1
         Distracted        |       |       |       |       |       |       |       |     1 |       ||     1
         Confused          |       |       |       |       |       |       |       |       |     5 ||     5
         Fleeing           |       |       |       |       |       |       |       |       |     1 ||     1
         Paralysed         |       |       |       |       |       |       |       |       |     1 ||     1
 Armour: Animal skin       |    40 |    62 |    92 |    19 |       |       |       |       |       ||   213
         Skin              |       |     5 |    23 |       |       |   456 |   542 |   420 |    25 ||  1471
         Acid dragon scale |       |       |       |   181 |       |       |       |       |       ||   181
         Swamp dragon scal |       |       |       |    30 |   593 |   200 |       |   175 |   407 ||  1405
  Dodge: Dodged            |    17 |   150 |   166 |   291 |   656 |   721 |   557 |   713 |   638 ||  3909
  Block: Kite shield       |     9 |    65 |    89 |   282 |   360 |       |       |       |       ||   805
         Reflection        |       |       |       |     1 |     3 |       |       |       |       ||     4
         Tower shield      |       |       |       |       |   299 |   402 |       |   316 |   873 ||  1890
   Form: Beast             |       |       |       |     2 |       |       |       |       |       ||     2
         Flux              |       |       |       |     1 |       |       |       |       |       ||     1
                           |       |       |       |     1 |     1 |       |       |       |     1 ||     3
         Dragon            |       |       |       |       |       |     1 |       |     1 |     1 ||     3
         Storm             |       |       |       |       |       |       |       |     2 |       ||     2
         Death             |       |       |       |       |       |       |       |     2 |     1 ||     3
         Blade             |       |       |       |       |       |       |       |     1 |       ||     1
